 Dungeon Crawl Stone Soup version 0.23.2-1-ga50397a6bc (webtiles) character file.

Game seed: 121552392272006203

3530 Mrkan the Grappler (level 9, -7/80 HPs)
             Began as a Troll Monk on May 23, 2019.
             Was an Elder of Trog.
             Mangled by a soldier ant (9 damage)
             ... on level 8 of the Dungeon.
             The game lasted 00:15:38 (5366 turns).

Mrkan the Grappler (Troll Monk)                     Turns: 5366, Time: 00:15:39

Health: -7/80      AC:  6    Str: 21    XL:     9   Next: 82%
Magic:  8/8        EV: 11    Int:  6    God:    Trog [****..]
Gold:   366        SH:  0    Dex: 20    Spells: 8/8 levels left

rFire    . . .     SeeInvis .     - Unarmed
rCold    + . .     Gourm    +   (no shield)
rNeg     . . .     Faith    .   a - +0 robe
rPois    .         Spirit   .   (helmet restricted)
rElec    .         Reflect  .   (no cloak)
rCorr    .         Harm     .   (gloves unavailable)
MR       ++...                  (boots unavailable)
Stlth    ++........             (no amulet)
HPRegen  1.63/turn              z - ring of protection from cold
MPRegen  0.11/turn              L - +5 ring of dexterity

@: lethally poisoned (-7 -> -7), berserk cooldown, regenerating, slowed, very
slow
A: large, unfitting armour, claws 3, fast metabolism 3, gourmand, regeneration
1, shaggy fur 1, tough skin 3
a: Berserk, Trog's Hand, Brothers in Arms, Renounce Religion


You were on level 8 of the Dungeon.
You worshipped Trog.
Trog was greatly pleased with you.
You were not hungry.

You visited 1 branch of the dungeon, and saw 8 of its levels.

You collected 366 gold pieces.

Inventory:

Hand Weapons
 t - a +3 flail of freezing
Missiles
 c - 7 javelins of returning
 f - 337 stones (quivered)
Armour
 a - a +0 robe (worn)
Jewellery
 y - an uncursed ring of fire
 z - a ring of protection from cold (left claw)
 K - an uncursed ring of stealth
 L - a +5 ring of dexterity (right claw)
Wands
 v - a wand of enslavement (9)
 D - a wand of iceblast (8)
Scrolls
 d - 6 scrolls of magic mapping
 e - a scroll of identify
 g - 2 scrolls of teleportation
 k - 2 scrolls of fear
 l - a scroll of blinking
 n - 3 scrolls of remove curse
 H - 3 scrolls of enchant armour {unknown}
 I - a scroll of summoning {unknown}
 J - a scroll of random uselessness {unknown}
Potions
 h - 2 potions of curing {unknown}
 i - 3 potions of resistance {unknown}
 j - 4 potions of invisibility {unknown}
 o - a potion of lignification {unknown}
 q - 2 potions of brilliance {unknown}
 r - 2 potions of cancellation {unknown}
 s - 3 potions of berserk rage {unknown}
 u - 2 potions of agility {unknown}
 x - 2 potions of might {unknown}
 B - 3 potions of heal wounds {unknown}
 G - a potion of haste {unknown}
Comestibles
 b - 16 rations


   Skills:
 - Level 2.4 Fighting
 * Level 9.4 Throwing
 - Level 2.4 Dodging
 - Level 1.0 Stealth
 - Level 10.1 Unarmed Combat


You had 8 spell levels left.
You didn't know any spells.
Your spell library was empty.

Dungeon Overview and Level Annotations

Branches:
Dungeon (8/15)             Temple (0/1) D:7
   Lair: D:8-11

Altars:
Ashenzari
Fedhas
Gozag
Makhleb
Nemelex Xobeh
Qazlal
Sif Muna
Trog
Uskayaw
Vehumet
Zin
The Shining One

Shops:
D:6 [

Annotations:
D:3 Blork the orc
D:4 1 runed translucent door, rumpelstilzz's ghost, amateur TrAM
D:5 2 transporters, Valentain's ghost, novice OpEn
D:6 exclusion: oklob plant


Innate Abilities, Weirdness & Mutations

You are too large for most types of armour.
You have claws for hands.
Your metabolism is lightning-fast.
You like to eat raw meat.
Your natural rate of healing is unusually fast.
You are covered in fur. (AC +1)
You have extremely tough skin. (AC +3)


Message History

You claw the soldier ant! Your claw misses the soldier ant.
The soldier ant is heavily wounded.
You feel very sick. The soldier ant stings you!
* * * LOW HITPOINT WARNING * * *
You scratch the soldier ant but do no damage.
You claw the soldier ant, but do no damage.
The soldier ant is heavily wounded.
You feel very sick.
The soldier ant stings you but does no damage.
You're still recovering from your berserk rage.
You scratch the soldier ant but do no damage.
The soldier ant is heavily wounded.
You feel sick. The soldier ant stings you!
* * * LOW HITPOINT WARNING * * *
Your skin crawls.
You feel resistant to hostile enchantments.
You feel very sick. The soldier ant stings you!
You die...

#.* #.# *,**
****##.####.## *,,,
*,,,.........# ****
*,**##.#..#..# **** *,*
*,#..#..# *,,, *,*
*,###.### **,** *,*
*,#.#.#* *,,,, *,*
*,##a#.# *,,** *,*
*,#@#.##********,,* *,*
*,##.#.#,,,,,,,,,,** *,*
*,*,#.##********,,** *,*
*,**+##*,,,,,,,,,,,,
*,****,**,,*,,*******,,,,
*,,,,,,,*,,*,,** **,,,
******,*****,,,*******,,*
*,,,,,,,*,,,,,,,,,,,
*******,,,********,*


You could see a soldier ant.

Vanquished Creatures
  A troll (D:7)
  A hornet (D:8)
  3 water moccasins
  A soldier ant (D:8)
  A necrophage (D:6)
  An orc warrior (D:8)
  2 ice beasts
  2 phantoms
  2 black bears
  2 ogres
  2 centaurs
  A crocodile (D:7)
  4 bullfrogs
  A wyvern zombie (D:8)
  2 scorpions (D:7)
  A howler monkey (D:4)
  A vampire bat (D:5)
  2 crimson imps
  4 hounds
  A bullfrog zombie (D:8)
  2 orc priests
  A bullfrog skeleton (D:7)
  2 jellies
  6 orc wizards
  An iguana (D:4)
  9 worker ants
  A hound zombie (D:5)
  A hound skeleton (D:6)
  A worker ant zombie (D:7)
  6 adders
  A shadow imp (D:6)
  An ooze (D:4)
  2 adder skeletons
  7 worms
  3 fire bats (D:5)
  3 leopard geckos
  26 orcs
  2 spectral bats (D:5)
  3 bat skeletons (D:5)
  A bat zombie (D:5)
  4 giant cockroaches
  11 goblins
  7 hobgoblins
  11 jackals
  10 kobolds
  A quokka (D:4)
  15 bats
  A bat simulacrum (D:5)
  6 frilled lizards
  A jackal skeleton (D:5)
  8 rats
  A plant (D:6)
190 creatures vanquished.

Vanquished Creatures (others)
  A withered plant (D:4)
1 creature vanquished.

Grand Total: 191 creatures vanquished

Notes
Turn   | Place    | Note
-------+----------+-------------------------------------------
     0 | D:1      | Mrkan the Troll Monk began the quest for the Orb.
     0 | D:1      | Reached XP level 1. HP: 22/22 MP: 0/0
   119 | D:1      | Reached XP level 2. HP: 29/29 MP: 1/1
   651 | D:2      | Reached skill level 4 in Unarmed Combat
   780 | D:2      | Found a glowing silver altar of Zin.
   796 | D:2      | Reached XP level 3. HP: 35/36 MP: 2/2
   977 | D:2      | Found a sparkling altar of Nemelex Xobeh.
  1249 | D:2      | Found a blossoming altar of Fedhas.
  1554 | D:3      | Found a radiant altar of Vehumet.
  1560 | D:3      | Noticed an ogre
  1571 | D:3      | Killed an ogre
  1571 | D:3      | Reached skill level 5 in Unarmed Combat
  1571 | D:3      | Reached XP level 4. HP: 13/44 MP: 3/3
  1571 | D:3      | Reached XP level 5. HP: 15/50 MP: 4/4
  1588 | D:3      | Reached skill level 6 in Unarmed Combat
  2002 | D:3      | Reached XP level 6. HP: 51/59 MP: 5/5
  2062 | D:3      | Noticed Blork the orc
  2069 | D:3      | Found a deep blue altar of Sif Muna.
  2257 | D:4      | Found a bloodstained altar of Trog.
  2296 | D:4      | Reached skill level 7 in Unarmed Combat
  2367 | D:4      | Became a worshipper of Trog the Wrathful
  2367 | D:4      | Reached * piety under Trog
  2367 | D:4      | Reached ** piety under Trog
  2455 | D:4      | Found a runed translucent door.
  2455 | D:4      | Noticed rumpelstilzz's ghost (amateur TrAM)
  2495 | D:4      | Reached skill level 8 in Unarmed Combat
  2550 | D:4      | Reached XP level 7. HP: 43/66 MP: 6/6
  2714 | D:4      | Found a glowing golden altar of the Shining One.
  3022 | D:5      | Entered Level 5 of the Dungeon
  3034 | D:5      | Found a transporter.
  3039 | D:5      | Noticed Valentain's ghost (novice OpEn)
  3071 | D:5      | Found a transporter.
  3195 | D:5      | Reached skill level 9 in Unarmed Combat
  3439 | D:5      | Reached *** piety under Trog
  3506 | D:5      | Reached XP level 8. HP: 74/74 MP: 7/7
  3598 | D:5      | Reached skill level 10 in Unarmed Combat
  3730 | D:6      | Found a hide-covered altar of Uskayaw.
  3750 | D:6      | Reached skill level 1 in Throwing
  4132 | D:6      | Found Ikhac's Antique Armour Shoppe.
  4194 | D:6      | Found a blossoming altar of Fedhas.
  4217 | D:6      | Noticed an oklob plant
  4380 | D:7      | Reached skill level 5 in Throwing
  4428 | D:7      | Reached XP level 9. HP: 73/80 MP: 8/8
  4536 | D:7      | Reached **** piety under Trog
  4745 | D:7      | Found a staircase to the Ecumenical Temple.
  4836 | D:7      | Found an opulent altar of Gozag.
  4836 | D:7      | Found a faded altar of an unknown god.
  4841 | D:7      | Found a burning altar of Makhleb.
  4847 | D:7      | Found a stormy altar of Qazlal.
  4848 | D:7      | Found a shattered altar of Ashenzari.
  4926 | D:7      | Noticed a troll
  4938 | D:7      | Killed a troll
  5084 | D:8      | Received a gift from Trog
  5365 | D:8      | HP: 3/80 [soldier ant (10)]
  5366 | D:8      | Mangled by a soldier ant

Skill      XL: |  1  2  3  4  5  6  7  8  9 |
---------------+----------------------------+-----
Unarmed Combat | 4 5 6 8 9 10 | 10.1
Throwing       | 6 9 |  9.4
Fighting       | |  2.4
Dodging        | |  2.4
Stealth        | |  1.0

Action                   |  1- 3 |  4- 6 |  7- 9 || total
-------------------------+-------+-------+-------++-------
Melee: Unarmed           |    92 |   108 |   312 ||   512
       Punch             |     3 |     4 |    14 ||    21
Invok: Berserk           |       |       |     2 ||     2
       Trog's Hand       |       |       |     1 ||     1
  Use: Scroll            |       |       |    13 ||    13
 Stab: Sleeping          |     3 |     2 |     7 ||    12
  Eat: Chunk             |    13 |    14 |    25 ||    52
Armor: Robe              |    31 |    36 |   124 ||   191
Dodge: Dodged            |    34 |    59 |   188 ||   281
